 Dungeon Crawl Stone Soup version 0.31-a0-133-gaae73658be (webtiles) character file.

Game seed: 12820053584957458268

184754 Iich the Executioner (level 17, 0/147 HPs)
             Began as a Demonspawn Fighter on June 2, 2023.
             Was an Initiate of Gozag.
             Slain by an entropy weaver (7 damage)
             ... on level 4 of the Spider Nest.
             The game lasted 01:04:22 (32681 turns).

Iich the Executioner (Demonspawn Fighter)          Turns: 32681, Time: 01:04:23

Health: 0/147      AC:  4    Str: 20    XL:     17   Next: 79%
Magic:  0/17       EV: 28    Int:  9    God:    Gozag
Gold:   1888       SH: 12    Dex: 24    Spells: 16/16 levels left

rFire   + + .        J - +5 broad axe (freeze)
rCold   + + .        F - +2 kite shield {reflect}
rNeg    . . .        y - +3 swamp dragon scales
rPois   +            L - +1 helmet
rElec   +            (cloak unavailable)
rCorr   +            c - +1 pair of gloves
SInv    +            T - +0 pair of boots
Will    +++..        a - amulet of regeneration
Stlth   ++           P - ring of Opnoured {rC+ Dex+6 SInv}
HPRegen 1.24/turn    x - +5 ring of evasion
MPRegen 0.30/turn

%: reflection, guardian spirit
@: mighty, lethally poisoned (0 -> 0), about to teleport, resistant, corroded,
hasted, very quick
A: molten scales 3, ignite blood 2, magic shield, magic regeneration, magic
link, demonic willpower, weakness stinger 3, strong-willed 1, screaming 1,
sturdy frame 1
a: Renounce Religion, Potion Petition, Call Merchant, Bribe Branch


You were on level 4 of the Spider Nest.
You worshipped Gozag.
Gozag was most pleased with you.
You visited 6 branches of the dungeon, and saw 30 of its levels.
You also visited: Sewer and Bailey.

You collected 11278 gold pieces.
You spent 1651 gold pieces at shops.
You paid 7739 gold pieces to Gozag.

Inventory:

Hand Weapons
 s - a +0 eveningstar
 J - a +5 broad axe of freezing (weapon)
Missiles
 Y - 4 throwing nets (quivered)
Armour
 b - a +0 tower shield
 c - a +1 pair of gloves (worn)
 y - +3 swamp dragon scales (worn)
 F - a +2 kite shield of reflection (worn)
 L - a +1 helmet (worn)
 T - a +0 pair of boots (worn)
Jewellery
 a - an amulet of regeneration (around neck)
 i - an amulet of the acrobat
 o - a +6 ring of intelligence
 x - a +5 ring of evasion (right hand)
 C - a ring of resist corrosion
 H - a ring of willpower
 P - the ring of Opnoured (left hand) {rC+ Dex+6 SInv}
   (You acquired it on level 2 of the Spider Nest)

   [ring of dexterity]

   Dex:       It affects your dexterity (+6).
   rC:        It protects you from cold.
   SInv:      It lets you see invisible.
 S - a ring of see invisible
 V - a ring of willpower
 W - a ring of wizardry
Wands
 m - a wand of acid (14)
 D - a wand of mindburst (5)
 E - a wand of charming (38)
 G - a wand of flame (64)
 R - a wand of iceblast (15)
 U - a wand of polymorph (14)
Scrolls
 f - 2 scrolls of immolation
 g - 4 scrolls of fear
 j - 4 scrolls of summoning
 t - 12 scrolls of teleportation
 u - 8 scrolls of fog
 A - 2 scrolls of magic mapping
 B - 2 scrolls of blinking
 M - 3 scrolls of poison
 Q - a scroll of vulnerability
 X - a scroll of torment
 Z - a scroll of enchant weapon
Potions
 d - a potion of might
 e - 2 potions of berserk rage
 h - a potion of haste
 k - a potion of lignification
 l - 6 potions of heal wounds
 n - 2 potions of resistance
 p - 2 potions of cancellation
 q - 9 potions of curing
 r - a potion of attraction
 v - 3 potions of ambrosia
 w - 3 potions of enlightenment
 z - 4 potions of invisibility
 K - 4 potions of mutation
 N - 2 potions of brilliance
 O - a potion of magic
Miscellaneous
 I - a phantom mirror


   Skills:
 + Level 17.0 Fighting
 * Level 21.3 Axes
 - Level 2.6 Armour
 + Level 14.8 Dodging
 - Level 2.6 Shields


You had 16 spell levels left.
You didn't know any spells.
Your spell library contained the following spells:

 Spells                   Type           Power      Damage    Failure   Level
 Apportation              Tloc           0%         N/A       78%         1
 Freeze                   Ice            0%         1d3       78%         1
 Kiss of Death            Conj/Necr      0%         2d5       78%         1
 Necrotise                Necr           0%         1d4       78%         1
 Summon Small Mammal      Summ           0%         N/A       78%         1
 Cigotuvi's Dreadful Rot  Necr/Pois/Air  0%         N/A       89%         2
 Passwall                 Tmut/Erth      0%         N/A       89%         2
 Static Discharge         Conj/Air       0%         2-2/arc   89%         2
 Confusing Touch          Hex            0%         N/A       98%         3
 Dazzling Flash           Conj/Hex       0%         N/A       98%         3
 Frozen Ramparts          Ice            0%         1d1       98%         3
 Hailstorm                Conj/Ice       0%         3d3       98%         3
 Ignite Poison            Fire/Tmut/Pois 0%         N/A       98%         3
 Portal Projectile        Hex/Tloc       0%         N/A       98%         3
 Tukima's Dance           Hex            0%         N/A       98%         3
 Vhi's Electric Charge    Tloc/Air       0%         N/A       98%         3
 Airstrike                Air            0%         2d(0-16)  100%        4
 Dispel Undead            Necr           0%         3d6       100%        4
 Leda's Liquefaction      Hex/Erth       0%         N/A       100%        4
 Passage of Golubria      Tloc           0%         N/A       100%        4
 Summon Lightning Spire   Summ/Air       0%         N/A       100%        4
 Agony                    Necr           0%         N/A       100%        5
 Arcjolt                  Conj/Air       0%         1d10      100%        5
 Blade Hands              Tmut           0%         N/A       100%        5
 Freezing Cloud           Conj/Ice/Air   0%         6-21      100%        5
 Iskenderun's Battlesphe  Conj           0%         2d6       100%        5
 Lee's Rapid Deconstruct  Erth           0%         3d4*      100%        5
 Silence                  Hex/Air        0%         N/A       100%        5
 Leda's Unmaking          Conj/Erth      0%         9d1       100%        6
 Plasma Beam              Fire/Air       0%         2x1d10    100%        6
 Statue Form              Tmut/Erth      0%         N/A       100%        6
 Haunt                    Necr/Summ      0%         N/A       100%        7
 Spellforged Servitor     Conj/Summ      0%         N/A       100%        7
 Infestation              Necr           0%         N/A       100%        8
 Lehudib's Crystal Spear  Conj/Erth      0%         10d2      100%        8
 Shatter                  Erth           0%         3d5*      100%        9
 Animate Dead             Necr           Unusable   N/A       N/A         4

Dungeon Overview and Level Annotations

Branches:
Dungeon (15/15)            Temple (1/1) D:7            Lair (5/5) D:8
 Shoals (3/4) Lair:2       Spider (4/4) Lair:2        Slime (0/5) Lair:5
    Orc (2/2) D:9             Elf (0/3) Orc:2        Vaults (0/5) D:14
 Depths (0/4) D:15          Sewer (visited)          Bailey (visited)

Altars:
Ashenzari
Cheibriados
Dithmenos
Fedhas
Gozag
Hepliaklqana
Kikubaaqudgha
Makhleb
Nemelex Xobeh
Okawaru
Qazlal
Ru
Sif Muna
Trog
Uskayaw
Vehumet
Wu Jian
Xom
Yredelemnul
Jiyva
Lugonu

Shops:
D:2 !   D:5 [   D:9 (   Orc:2 ?*!![   Lair:3 **

Portals:
Abyss: Lair:5

Annotations:
D:5 3 runed translucent doors, Darkkill's ghost, novice MiHu; GonguanaGonguana's ghost, amateur MeEE
Spider:4 Arachne


Innate Abilities, Weirdness & Mutations

You are completely covered in molten scales. (AC +4, rF+)
Your demonic aura often causes spilled blood to erupt in flames.
When hurt, damage is shared between your health and your magic reserves.
You regenerate magic rapidly.
When low on magic, you restore magic in place of health.
You punish those that try to bend your will. (Will+)
You have a sharp stinger which inflicts weakening toxins.
You are strong-willed. (Will+)
You occasionally shout uncontrollably at your foes.
Your movements are slightly less encumbered by armour. (ER -2)


Message History

The entropy weaver completely misses you.
You block the entropy weaver's attack.
The entropy weaver completely misses you.
The entropy weaver barely misses you.
Arachne is engulfed in blazing flames.
Arachne drinks a potion.
Arachne is healed!
Arachne looks more healthy.
The ghost moth stares at you.
You feel your power leaking away. You block the ghost moth's attack.
The ghost moth completely misses you. The ghost moth stings you.
* * * LOW HITPOINT WARNING * * *
The emperor scorpion completely misses you. x2
The emperor scorpion misses you.
The entropy weaver is engulfed in blazing flames.
The entropy weaver casts a spell at you.
The entropic weave corrodes you!
The wolf spider is engulfed in blazing flames.
Arachne is engulfed in blazing flames.
Arachne stares at you and mumbles some strange words.
The bolt of poison misses you.
You take 5 damage, and have 15/147 hp. [a] - 720 gold - resistance, might and haste [b] - 460 gold - haste and resistance [c] - 322 gold - haste and brilliance Purchase which effect?
You feel protected.
You feel very mighty all of a sudden.
You feel yourself speed up.
You feel sick. The ghost moth stares at you.
You feel your power leaking away. The ghost moth closely misses you.
The ghost moth completely misses you. x2
You block the emperor scorpion's attack.
The emperor scorpion claws you.
* * * LOW HITPOINT WARNING * * *
The emperor scorpion completely misses you.
The wolf spider is engulfed in blazing flames.
Arachne is engulfed in blazing flames.
You block Arachne's attack.
The entropy weaver is engulfed in blazing flames.
The entropy weaver completely misses you. x2
The entropy weaver hits you!
You die...
Your body crumbles into a pile of gold.

#.. #...#^.^.. #..
#...^^.☼..$^. .#
#..##..s#.^.^... .^#
#..#...###^....###...
#.$#$...#^^^....#..^.
#^$.$...^^....^.....
##..$......s^^.....
##$.....#HsB..# ...
#.....###@y.###^.. #
#..#.^.#.○○..#...#
###
##..##..○...°...^#
#..
#..###.....s.....#
##.# #..#
##..$......## #..#
#..# ##^........##
#.##
#..###...........#
#.#
##^^#...##'''##○..#
#.# #####..##..##...#
.^## ###^#


You could see Arachne (weak), an emperor scorpion, a ghost moth (invisible), an
entropy weaver, a wolf spider and an orb spider.

Vanquished Creatures
  Saint Roka (Orc:2)
  Jorgrun (Orc:1)
  Polyphemus (Shoals:1)
  Roxanne (D:15)
  A frost giant (D:15)
  Donald (Shoals:3)
  2 emperor scorpions
  4 ghost moths
  An ironbound preserver (D:14)
  4 reapers (D:13)
  2 broodmothers (Spider:1)
  A spark wasp (Spider:2)
  Snorg (D:11)
  Josephine (Orc:1)
  A deep elf death mage (D:13)
  3 entropy weavers
  A fire dragon (D:15)
  A merfolk impaler (Shoals:3)
  Fannar (D:11)
  4 hydras
  3 jorogumos
  Erolcha (Orc:2)
  5 centaur warriors
  2 ogre magi (D:15)
  2 radroaches
  9 boulder beetles
  3 merfolk aquamancers
  2 alligator snapping turtles
  A satyr (Shoals:3)
  2 catoblepae
  10 two-headed ogres
  A two-headed ogre (shapeshifter) (Lair:5)
  3 tengu warriors (D:15)
  9 death yaks
  Urug (Lair:5)
  An orc high priest (Orc:2)
  3 demonic crawlers
  3 thrashing horrors (Lair:5)
  3 skysharks
  A shadow wraith (D:13)
  2 soul eaters (D:13)
  10 sea snakes
  4 pharaoh ants
  Lodul (D:11)
  3 sun moths
  3 flayed ghosts (D:13)
  6 orb spiders
  An orc knight (D:15)
  8 necromancers (D:13)
  A lindwurm (Lair:3)
  5 harpies
  A wizard (D:15)
  3 wolf spider zombies (D:13)
  10 wolf spiders
  3 deep elf pyromancers
  3 ugly things
  8 orc sorcerers
  13 manticores
  2 fauns (Shoals:2)
  3 cyclopes
  5 centaur zombies
  8 elephants (Lair:5)
  3 spectral centaurs (D:13)
  9 water nymphs
  4 merfolk sirens
  4 black mambas
  11 cane toads
  8 centaur skeletons (D:13)
  3 smoke demons (Lair:5)
  A guardian serpent (D:15)
  Maggie (D:6)
  12 komodo dragons
  5 torpor snails
  A yaktaur (shapeshifter) (Lair:5)
  An unseen horror (D:11)
  2 freezing wraiths
  A rime drake (Lair:4)
  A tengu conjurer (D:15)
  A kobold demonologist (Bailey)
  A redback zombie (D:13)
  A yaktaur (D:15)
  3 ancient zymes (Lair:5)
  20 merfolk
  8 trolls
  3 meliai (Spider:1)
  A wolf spider simulacrum (D:13)
  2 polar bears
  A hornet (Lair:3)
  23 tarantellas
  3 spectral meliai (D:13)
  2 large abominations (Lair:5)
  9 dream sheep
  4 wind drakes
  24 blink frogs
  7 snapping turtles
  3 centaur simulacra (D:13)
  28 yaks
  15 slime creatures
  8 vampires
  24 jumping spiders
  A spriggan (Lair:5)
  10 water elementals
  3 wyverns
  9 wraiths
  21 culicivoras
  6 shadows
  7 basilisks
  48 redbacks
  A steam dragon (D:9)
  7 vampire mosquitoes
  A chaos spawn (Lair:5)
  4 acid dragons
  2 wargs (Orc:2)
  9 water moccasins
  Duvessa (D:7)
  29 orc warriors
  2 black bears (D:8)
  An ice beast (D:5)
  A sky beast (D:7)
  11 small abominations (Lair:5)
  16 ogres
  5 phantoms
  8 centaurs
  A kobold brigand (D:9)
  16 bullfrogs
  A gnoll sergeant (D:13)
  4 scorpions
  12 wights (D:8)
  Dowan (D:7)
  A troll zombie (D:9)
  4 killer bees (D:9)
  2 howler monkeys
  6 electric eels
  2 hounds (D:6)
  22 orc priests
  2 gnoll boudas (D:8)
  3 jellies (D:6)
  A sleepcap (D:4)
  Terence (D:3)
  A boggart zombie (D:13)
  3 iguanas
  34 orc wizards
  A boggart skeleton (D:13)
  7 ogre zombies (D:9)
  A boggart simulacrum (D:13)
  Robin (D:2)
  A howler monkey zombie (D:11)
  20 gnolls
  14 adders
  3 shadow imps
  A white imp (D:5)
  6 worms
  2 dart slugs
  59 orcs
  19 ball pythons
  22 endoplasms
  3 giant cockroaches
  25 goblins
  16 hobgoblins
  2 jackals (D:2)
  12 kobolds
  15 quokkas
  8 bats
  8 frilled lizards
  3 goblin zombies (D:9)
  A hobgoblin skeleton (D:9)
  3 hobgoblin zombies (D:9)
  2 orc skeletons (D:9)
  16 orc zombies (D:9)
  7 rats
  5 spectral weapons
1062 creatures vanquished.

Vanquished Creatures (others)
  An orc wizard (Orc:2)
  A white imp (D:6)
  23 spectral weapons
25 creatures vanquished.

Grand Total: 1087 creatures vanquished

Notes
Turn   | Place    | Note
-------+----------+-------------------------------------------
     0 | D:1      | Iich the Demonspawn Fighter began the quest for the Orb.
     0 | D:1      | Reached XP level 1. HP: 18/18 MP: 1/1
    41 | D:1      | You fall into a shaft and drop 1 floor!
    47 | D:2      | Found a blossoming altar of Fedhas.
    84 | D:1      | Reached skill level 2 in Axes
   196 | D:1      | Gained mutation: Your demonic aura sometimes causes spilled
                  | blood to erupt in flames. [demonic ancestry]
   196 | D:1      | Reached XP level 2. HP: 24/24 MP: 2/2
   677 | D:1      | Found a faded altar of an unknown god.
   989 | D:2      | Gained mutation: You are partially covered in molten
                  | scales. (AC +2) [demonic ancestry]
   989 | D:2      | Reached XP level 3. HP: 28/29 MP: 3/3
  1177 | D:2      | Reached skill level 3 in Axes
  1322 | D:2      | Gained mutation: You regenerate magic rapidly. [demonic
                  | ancestry]
  1322 | D:2      | Reached XP level 4. HP: 37/37 MP: 4/4
  1402 | D:2      | Noticed Robin
  1418 | D:2      | Killed Robin
  1458 | D:2      | Found Coschyufa's Distillery.
  1463 | D:2      | Bought a potion of curing for 39 gold pieces
  1513 | D:2      | Reached skill level 4 in Axes
  1799 | D:2      | Gained mutation: When hurt, damage is shared between your
                  | health and your magic reserves. [demonic ancestry]
  1799 | D:2      | Reached XP level 5. HP: 37/42 MP: 5/5
  2087 | D:3      | Noticed Terence
  2092 | D:3      | Killed Terence
  2672 | D:4      | Gained mutation: You are strong-willed. (Will+) [potion of
                  | mutation]
  2672 | D:4      | Gained mutation: You are weak. (Str -2) [potion of
                  | mutation]
  2673 | D:4      | Lost mutation: You are weak. (Str -2) [potion of mutation]
  2673 | D:4      | Lost mutation: You are strong-willed. (Will+) [potion of
                  | mutation]
  2673 | D:4      | Gained mutation: You are strong-willed. (Will+) [potion of
                  | mutation]
  2673 | D:4      | Gained mutation: Your movements are slightly less
                  | encumbered by armour. (ER -2) [potion of mutation]
  2673 | D:4      | Gained mutation: You occasionally shout uncontrollably at
                  | your foes. [potion of mutation]
  2703 | D:4      | Noticed an ogre
  2712 | D:4      | HP: 1/43 [ogre/+0 giant spiked club (14)]
  2714 | D:4      | Killed an ogre
  2715 | D:4      | Reached skill level 5 in Axes
  2715 | D:4      | Gained mutation: Your demonic aura often causes spilled
                  | blood to erupt in flames. [demonic ancestry]
  2715 | D:4      | Reached XP level 6. HP: 7/49 MP: 2/6
  3062 | D:4      | Found a glowing drain.
  3076 | Sewer    | Entered a sewer
  3218 | Sewer    | Reached skill level 5 in Fighting
  3498 | Sewer    | Reached XP level 7. HP: 46/56 MP: 7/7
  3774 | D:4      | Found a burning altar of Makhleb.
  3854 | D:5      | Entered Level 5 of the Dungeon
  3870 | D:5      | Found Iheurizi's Armour Emporium.
  3879 | D:5      | Reached skill level 6 in Axes
  3918 | D:5      | Bought a +0 tower shield for 63 gold pieces
  3986 | D:5      | Found a runed translucent gate.
  3986 | D:5      | Found a runed translucent gate.
  3987 | D:5      | Found a runed translucent gate.
  3988 | D:5      | Noticed Darkkill's ghost (novice MiHu)
  3988 | D:5      | Noticed GonguanaGonguana's ghost (amateur MeEE)
  4454 | D:6      | Noticed Maggie
  4463 | D:6      | Reached skill level 1 in Dodging
  4466 | D:6      | Reached skill level 7 in Axes
  4471 | D:6      | Gained mutation: You have a small tail. [demonic ancestry]
  4471 | D:6      | Reached XP level 8. HP: 57/64 MP: 8/8
  4482 | D:6      | Killed Maggie
  4664 | D:6      | Got the Codex of the Nasty Tektite
  4775 | D:6      | Reached skill level 8 in Axes
  5281 | D:7      | Noticed Duvessa
  5282 | D:7      | Noticed Dowan
  5289 | D:7      | Killed Duvessa
  5292 | D:7      | Reached XP level 9. HP: 42/71 MP: 7/9
  5298 | D:7      | Killed Dowan
  5803 | D:7      | Found a staircase to the Ecumenical Temple.
  5812 | D:7      | Found a radiant altar of Vehumet.
  5814 | D:7      | Found an ancient bone altar of Kikubaaqudgha.
  5853 | Temple   | Entered the Ecumenical Temple
  5942 | Temple   | Became a worshipper of Gozag Ym Sagoz the Greedy
  6130 | D:7      | Found a sacrificial altar of Ru.
  6133 | D:7      | Found a hazy altar of Hepliaklqana.
  6135 | D:7      | Found a snail-covered altar of Cheibriados.
  6363 | D:8      | Reached skill level 9 in Axes
  6391 | D:8      | Found a flagged portal.
  6414 | Bailey   | Entered a bailey
  7478 | Bailey   | Found an iron altar of Okawaru.
  7480 | Bailey   | Noticed a kobold demonologist
  7495 | Bailey   | Noticed a red devil
  7496 | Bailey   | Killed a kobold demonologist
  7631 | Bailey   | Reached skill level 10 in Axes
  7897 | Bailey   | Reached skill level 5 in Dodging
  7958 | Bailey   | Acquired 580 gold pieces
  7981 | Bailey   | HP: 1/74 [electric eel/bolt of electricity (6)]
  8203 | Bailey   | Gained mutation: You are mostly covered in molten scales.
                  | (AC +3) [demonic ancestry]
  8203 | Bailey   | Reached XP level 10. HP: 54/80 MP: 10/10
  8348 | D:8      | Found a staircase to the Lair.
  8656 | D:8      | Found a stormy altar of Qazlal.
  8656 | D:8      | Found a broken altar of Ashenzari.
  8838 | D:8      | Noticed a two-headed ogre
  8849 | D:8      | Killed a two-headed ogre
  8850 | D:8      | Reached skill level 11 in Axes
  9312 | D:9      | Found Eriucoc's Antique Weapon Shoppe.
  9681 | D:9      | Found a staircase to the Orcish Mines.
  9926 | D:10     | Entered Level 10 of the Dungeon
 10064 | D:10     | Gained mutation: You have a tail ending in a sharp stinger.
                  | [demonic ancestry]
 10064 | D:10     | Reached XP level 11. HP: 87/89 MP: 11/11
 10575 | D:10     | Noticed a two-headed ogre
 10581 | D:10     | Killed a two-headed ogre
 10582 | D:10     | Reached skill level 12 in Axes
 10743 | Lair:1   | Entered Level 1 of the Lair of Beasts
 10895 | Lair:1   | Reached skill level 10 in Fighting
 11071 | Lair:1   | Noticed a boulder beetle
 11091 | Lair:1   | Killed a boulder beetle
 11680 | Lair:2   | Reached skill level 13 in Axes
 11806 | Lair:2   | Noticed an orb spider
 11807 | Lair:2   | Found a hole to the Spider Nest.
 11881 | Lair:2   | Killed an orb spider
 12011 | Lair:2   | Gained mutation: You are completely covered in molten
                  | scales. (AC +4, rF+) [demonic ancestry]
 12011 | Lair:2   | Reached XP level 12. HP: 91/99 MP: 12/12
 12174 | Lair:2   | Found a staircase to the Shoals.
 12407 | Lair:2   | Noticed an eight-headed hydra
 12415 | Lair:2   | Killed a 12-headed hydra
 13341 | Lair:3   | Reached skill level 14 in Axes
 13666 | Lair:3   | Bought a wand of iceblast (5) for 156 gold pieces
 13666 | Lair:3   | Bought 2 potions of resistance for 260 gold pieces
 13668 | Lair:3   | Bought 2 scrolls of identify for 72 gold pieces
 13699 | Lair:4   | Identified the +1 sling "Piof" {freeze, rPois rCorr}
 14664 | Lair:5   | Entered Level 5 of the Lair of Beasts
 14832 | Lair:5   | Noticed Urug
 14849 | Lair:5   | Reached XP level 13. HP: 105/107 MP: 13/13
 14865 | Lair:5   | Killed Urug
 15138 | Lair:5   | Found a staircase to the Slime Pits.
 15143 | Lair:5   | Found a viscous altar of Jiyva.
 15156 | Lair:5   | Reached skill level 15 in Axes
 15306 | Lair:5   | Reached skill level 10 in Dodging
 16137 | Lair:5   | Reached skill level 16 in Axes
 16239 | Lair:5   | Found a corrupted altar of Lugonu.
 16239 | Lair:5   | Found a one-way gate to the infinite horrors of the Abyss.
 17200 | D:11     | Noticed Fannar
 17209 | D:11     | Killed Fannar
 17210 | D:11     | Gained mutation: When low on magic, you restore magic in
                  | place of health. [demonic ancestry]
 17210 | D:11     | Reached XP level 14. HP: 103/118 MP: 14/14
 17539 | D:11     | Noticed Lodul
 17545 | D:11     | Killed Lodul
 17639 | D:11     | Noticed Snorg
 17647 | D:11     | Killed Snorg
 19111 | D:13     | Reached skill level 17 in Axes
 20156 | D:13     | Found an ancient bone altar of Kikubaaqudgha.
 20156 | D:13     | Noticed a reaper
 20165 | D:13     | Killed a reaper
 20438 | D:13     | Identified the staff of earth "Qobiukee" {+Blink rF+
                  | Stlth+}
 20497 | D:13     | Identified the +8 trident of Massacring {freeze, rPois rC+
                  | Int+3}
 21106 | D:13     | Noticed a reaper
 21113 | D:13     | Gained mutation: You have a sharp stinger which inflicts
                  | weakening toxins. [demonic ancestry]
 21113 | D:13     | Reached XP level 15. HP: 114/126 MP: 12/15
 21582 | D:14     | Reached skill level 18 in Axes
 22124 | D:14     | Found a gate to the Vaults.
 22390 | D:15     | Entered Level 15 of the Dungeon
 22440 | D:15     | Noticed Roxanne
 22911 | D:15     | Noticed a frost giant
 22923 | D:15     | Killed a frost giant
 23018 | D:15     | Found a staircase to the Depths.
 23378 | D:15     | Reached skill level 15 in Fighting
 23515 | D:15     | Killed Roxanne
 23774 | Orc:1    | Entered Level 1 of the Orcish Mines
 23939 | Orc:2    | Entered Level 2 of the Orcish Mines
 23940 | Orc:2    | Noticed Erolcha
 23946 | Orc:2    | Killed Erolcha
 23963 | Orc:2    | Found Coskod's Magic Scroll Boutique.
 24003 | Orc:2    | Bought a scroll of blinking for 97 gold pieces
 24099 | Orc:2    | Noticed Saint Roka
 24121 | Orc:2    | Reached skill level 19 in Axes
 24138 | Orc:2    | Found Liog's Distillery.
 24138 | Orc:2    | Found Onatsit's Armour Shoppe.
 24138 | Orc:2    | Found Elupoaho's Distillery.
 24143 | Orc:2    | Gained mutation: You punish those that try to bend your
                  | will. (Will+) [demonic ancestry]
 24143 | Orc:2    | Reached XP level 16. HP: 105/136 MP: 11/16
 24152 | Orc:2    | Killed Saint Roka
 24213 | Orc:2    | Found Haelyow's General Store.
 24247 | Orc:2    | Bought a potion of heal wounds for 65 gold pieces
 24247 | Orc:2    | Bought a potion of heal wounds for 65 gold pieces
 24247 | Orc:2    | Bought a potion of mutation for 104 gold pieces
 24247 | Orc:2    | Bought a potion of haste for 130 gold pieces
 24250 | Orc:2    | Bought a phantom mirror for 600 gold pieces
 24490 | Orc:2    | Found a staircase to the Elven Halls.
 24654 | Orc:1    | Noticed Josephine
 24662 | Orc:1    | Noticed Jorgrun
 24666 | Orc:1    | Killed Josephine
 24677 | Orc:1    | Killed Jorgrun
 25158 | Spider:1 | Entered Level 1 of the Spider Nest
 26107 | Spider:2 | Acquired the ring of Opnoured {rC+ Dex+6 SInv}
 26395 | Spider:2 | Reached skill level 20 in Axes
 28009 | Shoals:1 | Entered Level 1 of the Shoals
 28688 | Shoals:1 | Reached XP level 17. HP: 42/144 MP: 9/17
 29293 | Shoals:2 | Noticed Polyphemus
 29485 | Shoals:1 | Killed Polyphemus
 30676 | Shoals:3 | Noticed Donald
 30689 | Shoals:3 | Killed Donald
 30869 | Shoals:3 | Found a runed translucent door.
 31076 | Shoals:3 | Identified the +6 great sword of the Three Runes {pain,
                  | rPois rCorr Int-2}
 31123 | Shoals:3 | Reached skill level 21 in Axes
 31681 | Spider:4 | Entered Level 4 of the Spider Nest
 31901 | Spider:4 | Identified the +6 flail "Hiq Fani" {spect, *Noise Fragile
                  | rN+++ Dex+4}
 32326 | Spider:4 | Noticed Arachne
 32681 | Spider:4 | HP: 7/147 [emperor scorpion (6)]
 32681 | Spider:4 | Slain by an entropy weaver

Illustrated notes

Levels and vault maps discovered:
D:1:      kennysheep_arrival_seaside, layout_loops_corners,
          hellmonk_ecumenical_altar_lost_god
D:2:      wad_river_or_something, layout_basic, serial_shops, shop_fountains,
          basic_altar, minmay_heptomino_w4, uniq_robin
D:3:      layout_rooms, serial_glass, glass_columns_c, glass_columns_a,
          due_unseen_surprise, uniq_terence
D:4:      layout_cave_pools, kennysheep_mini, cheibrodos_sewer_entry_bend
D:5:      layout_rooms, serial_shops, nicolae_shop_tiny_glass,
          gammafunk_ghost_cemetery, minmay_misc_feat_enclosed
D:6:      layout_loops_ring, minmay_bent, uniq_maggie
D:7:      layout_loops_ring, nicolae_overflow_hidden_temple,
          minmay_temple_entry_proselytizer, uniq_duvessa
D:8:      layout_layer_cave, nicolae_overflow_two_pavilions,
          due_lair_maze_entry_diamond, enter_bailey_5, st_stairs_11
D:9:      layout_big_octagon, zombieorc2_lemuel, serial_shops, shop,
          hangedman_corner_corridor
D:10:     layout_long_grid
D:11:     layout_irregular_city, serial_undead, serial_undead_a,
          serial_undead_c, serial_undead_c, serial_undead_e, uniq_snorg,
          uniq_lodul, uniq_fannar
D:12:     layout_grid_maze
D:13:     evilmike_negative_zone, layout_loops_ring
D:14:     layout_roguey, skrybe_vaults_entry_preservation, kennysheep_two_boxes
D:15:     grunt_enter_depths_snipers, layout_loops_ring,
          chequers_hall_statues_y, grunt_ministairs_3,
          nrook_guardian_serpent_ordinary, uniq_roxanne
Temple:   nicolae_temple_great_sept
Lair:1:   layout_big_grid, nzn_sisyphean_effort
Lair:2:   layout_cave_pods, elwin_shoals_entry_rocks,
          nicolae_spider_entry_orb_guardian
Lair:3:   layout_regular_city, serial_bayou_shore_a, infiniplex_staircase_pool
Lair:4:   layout_loops_ring
Lair:5:   hellmonk_lair_end_abyssal_woods, layout_big_grid, slime_entry_1,
          uniq_urug
Shoals:1: layout_shoals, nicolae_shoals_nymph_descending_staircase
Shoals:2: layout_shoals, uniq_polyphemus
Shoals:3: layout_shoals, lightli_airlock, uniq_donald
Spider:1: layout_spider_delve, nicolae_spider_claw_tunnel
Spider:2: layout_spider_delve, drop_trap
Spider:3: layout_chambers
Spider:4: johnstein_spider_rune_arachne_lair, hangedman_spider_tarantella_strand
Orc:1:    layout_caves, uniq_josephine, uniq_jorgrun
Orc:2:    st_orc_mages, layout_caves, basic_altar, serial_shops, shop,
          uniq_erolcha, uniq_saint_roka

Skill      XL: |  1  2  3  4  5  6  7  8  9 10 11 12 13 14 15 16 17 |
---------------+----------------------------------------------------+-----
Axes           | 2 3 4 5 7 8 10 11 13 14 16 17 19 20 21 | 21.3
Fighting       | 4 5 6 7 8 9 10 11 13 14 15 16 17 | 17.0
Dodging        | 1 3 5 6 8 9 10 11 13 14 | 14.8
Armour         | |  2.6
Shields        | |  2.6

Action                     |  1- 3 |  4- 6 |  7- 9 | 10-12 | 13-15 | 16-18 || total
---------------------------+-------+-------+-------+-------+-------+-------++-------
  Melee: War axe           |   107 |   275 |   316 |       |       |       ||   698
         Tailslap          |       |       |    31 |    63 |   185 |   168 ||   447
         Broad axe         |       |       |    34 |   422 |   729 |   823 ||  2008
 Invoke: Potion Petition   |       |       |     1 |     1 |     4 |     8 ||    14
         Call Merchant     |       |       |       |     2 |       |       ||     2
  Evoke: Wand              |       |       |     1 |     4 |     3 |       ||     8
    Use: Potion            |       |     5 |     4 |     3 |     1 |       ||    13
         Scroll            |       |     4 |     9 |    16 |     1 |    10 ||    40
   Stab: Distracted        |       |       |     2 |     8 |    13 |    26 ||    49
         Sleeping          |       |       |     1 |       |     1 |     1 ||     3
         Invisible         |       |       |       |       |     8 |       ||     8
 Armour: Scale mail        |    25 |       |       |       |       |       ||    25
         Chain mail        |    45 |   202 |    85 |       |       |       ||   332
         Swamp dragon scal |       |       |    81 |   189 |   257 |   199 ||   726
  Dodge: Dodged            |    47 |   105 |   110 |   172 |   393 |   696 ||  1523
  Block: Buckler           |    23 |    85 |    14 |       |       |       ||   122
         Tower shield      |       |       |   180 |   284 |   413 |   403 ||  1280
         Kite shield       |       |       |       |       |       |   188 ||   188
         Reflection        |       |       |       |       |       |     4 ||     4

Table legend: (Time is in decaauts)
 A = Elapsed time spent in this place.
 B = Non-inter-level travel time spent in this place.
 C = Inter-level travel time spent in this place.
 D = Time resting spent in this place.
 E = Time spent auto-exploring this place.
 F = Levels seen in this place.
 G = Mean time per level.
                   A        B        C        D        E       F      G
               +--------+--------+--------+--------+--------+-----+--------+
         Total |  33478 |  31653 |   1825 |   2133 |  22266 |  32 | 1046.2 |
       Dungeon |  15184 |  14359 |    825 |    226 |  10762 |  15 | 1012.3 |
        Temple |    109 |    109 |      0 |      0 |     63 |   1 |  109.0 |
          Lair |   7083 |   6421 |    662 |    388 |   5054 |   5 | 1416.6 |
        Shoals |   3361 |   3275 |     86 |    499 |   1723 |   3 | 1120.3 |
   Spider Nest |   3830 |   3599 |    231 |    382 |   2451 |   4 |  957.5 |
  Orcish Mines |   1281 |   1261 |     20 |      0 |    930 |   2 |  640.5 |
         Sewer |    701 |    701 |      0 |      0 |    422 |   1 |  701.0 |
        Bailey |   1925 |   1925 |      0 |    637 |    859 |   1 | 1925.0 |
               +--------+--------+--------+--------+--------+-----+--------+

Top non-repeatable levels by time:
    D:13: 2599 daAuts
  Lair:5: 2399 daAuts
  Bailey: 1925 daAuts
  Lair:2: 1739 daAuts
Spider:3: 1387 daAuts
    D:15: 1216 daAuts
Shoals:2: 1209 daAuts
Shoals:1: 1184 daAuts
     D:8: 1105 daAuts
     D:2: 1061 daAuts
  Lair:3: 1057 daAuts
  Lair:4: 1008 daAuts
     D:9: 989 daAuts
    D:14: 970 daAuts
Shoals:3: 967 daAuts
